 Dungeon Crawl Stone Soup version 0.14-a0-2124-ga163777 (webtiles) character file.

1080 Jenx the Prestidigitator (level 7, -3/61 HPs)
             Began as a Deep Dwarf Fighter on Jan 27, 2014.
             Slain by a goliath beetle (22 damage)
             ... on Level 5 of the Dungeon.
             The game lasted 00:16:08 (3977 turns).

Jenx the Prestidigitator (Deep Dwarf Fighter)       Turns: 3977, Time: 00:16:08

HP  -3/61        AC  9     Str 19      XL: 7   Next: 73%
MP  14/14        EV  6     Int 11      God:
Gold 212         SH 20     Dex 12      Spells:  0 memorised,  6 levels left

rFire  . . .     SeeInvis +     a - +1 whip (freeze)
rCold  . . .     Clarity  .     G - +0 dwarf scale mail
rNeg   . . .     Conserve .     c - +0 dwarf shield
rPois  .         rCorr    .     (no helmet)
rElec  .         rRot     .     L - +0 cloak
SustAb . .       Spirit   .     (no gloves)
rMut   .         Warding  .     (no boots)
Saprov . . .     Stasis   .     (no amulet)
MR     +....                    (no ring)
                                y - ring of see invisible

@: non-regenerating, somewhat resistant to hostile enchantments, extremely
unstealthy
A: damage resistance, recharge devices, sense surroundings 1, slow healing 3
a: Device Recharging


You were on level 5 of the Dungeon.
You were not hungry.

You visited 1 branch of the dungeon, and saw 5 of its levels.

You collected 212 gold pieces.

Inventory:

Hand weapons
 a - a +1,+1 whip of freezing (weapon)
 b - a +0 blowgun
 h - a +0,+0 crossbow
 q - a +1,+1 dagger of venom
 u - a +0,+0 dwarven hand axe
 x - a +2,+0 vampiric short sword
 z - a +3,+4 quarterstaff of chaos
 C - a cursed +0,-3 giant spiked club
Missiles
 D - 2 curare-tipped needles
 H - 2 exploding darts (quivered)
Armour
 c - a +0 dwarven shield (worn)
 G - a +0 dwarven scale mail (worn)
 L - a +0 cloak (worn)
Magical devices
 d - a wand of heal wounds (2)
 r - a wand of teleportation (2)
 O - a wand of lightning (4)
Comestibles
 f - 2 bread rations
 t - an apple
 w - 3 meat rations
 B - 2 pears
 K - 3 rotting chunks of worker ant flesh
Scrolls
 l - a scroll of immolation {unknown}
 v - a scroll of teleportation {unknown}
 A - 2 scrolls of identify
 E - a scroll of magic mapping {unknown}
 F - a scroll of recharging {unknown}
 I - a scroll of remove curse
 J - a scroll of fear
Jewellery
 e - an uncursed amulet of conservation
 j - an uncursed ring of see invisible
 n - an uncursed amulet of guardian spirit
 y - a ring of see invisible (left hand)
Potions
 g - a potion of mutation {unknown}
 i - a potion of brilliance {unknown}
 k - a potion of heal wounds {unknown}
 m - a potion of cure mutation {unknown}
 o - 2 potions of flight {unknown}
 p - a potion of restore abilities {unknown}
 s - a potion of curing {unknown}
 N - a potion of resistance {unknown}
Books
 M - a book of Air

   Spells                             Type                      Level
   Shock                              Conjuration/Air              1
   Swiftness                          Charms/Air                   2
   Repel Missiles                     Charms/Air                   2
   Flight                             Charms/Air                   3
   Static Discharge                   Conjuration/Air              3
   Lightning Bolt                     Conjuration/Air              5


   Skills:
 - Level 2.6 Fighting
 - Level 7.1 Axes
 * Level 3.1 Maces & Flails
 - Level 3.2 Armour
 - Level 3.2 Shields
 + Level 8.0 Evocations


You had 6 spell levels left.
You didn't know any spells.

Dungeon Overview and Level Annotations

Branches:
Dungeon (5/16)
 Temple: D:4-7

Altars:

Shops:
D:4 [

Annotations:
D:4 Cloak 446
D:5 Prince Ribbit


Innate Abilities, Weirdness & Mutations

You are resistant to damage.
You can recharge devices by infusing magical energy.
You passively map a small area around you.
You do not heal naturally.


Message History

Firing (i - inventory. (,) - cycle):
D - 3 curare-tipped needles (quivered)
Press: ? - help, Shift-Dir - straight line, f - goliath beetle
Aim: a goliath beetle You shoot a curare-tipped needle.
The curare-tipped needle hits the goliath beetle.
The goliath beetle is poisoned.
The goliath beetle convulses.
The goliath beetle seems to slow down.
It glows with a cold blue light!
a - a +1,+1 whip of freezing (weapon)
You hit the goliath beetle but do no damage.
The goliath beetle is lightly wounded.
You hit the goliath beetle but do no damage.
The goliath beetle is moderately wounded.
The goliath beetle bites you!
You hit the goliath beetle. You freeze the goliath beetle.
The goliath beetle is moderately wounded.
You hit the goliath beetle but do no damage.
The goliath beetle is moderately wounded.
The goliath beetle bites you!
You die...

* ### , *
##.####### *
#(.......## * *
##.#>.....# ,, *
#.#.##...#
#@#.##...# * , *
#B#.##..<# ,
.s..B..(s#.##.#.#
#########......#
##########.#######
#.....# #.......#
* . * #.....#
#.#####.# ### .##
#.....# #....# #
#.., ..# #.....#
#.##.##.#


You could see a goliath beetle and a scorpion.

Vanquished Creatures
  Pikel (D:4)
  Sigmund (D:2)
  Crazy Yiuf (D:4)
  An iguana (D:4)
  A worker ant (D:5)
  Jessica (D:2)
  10 adders
  A gnoll (D:3)
  2 worms
  8 giant geckos
  An ooze (D:1)
  7 orcs
  3 ball pythons (D:3)
  15 goblins
  11 hobgoblins
  16 kobolds
  13 bats
  5 giant cockroaches
  7 giant newts
  9 jackals
  A kobold skeleton (D:4)
  A quokka (D:2)
  8 rats
  A rat skeleton (D:4)
125 creatures vanquished.

Vanquished Creatures (others)
  A hound (D:4)
  An adder (D:4)
  An orc (D:4)
3 creatures vanquished.

Grand Total: 128 creatures vanquished

Notes
Turn   | Place    | Note
--------------------------------------------------------------
     0 | D:1      | Jenx, the Deep Dwarf Fighter, began the quest for the Orb.
     0 | D:1      | Reached XP level 1. HP: 20/20 MP: 1/1
    58 | D:1      | Reached XP level 2. HP: 22/27 MP: 2/2
   315 | D:1      | Reached XP level 3. HP: 25/33 MP: 3/3
   523 | D:1      | Reached skill level 4 in Axes
   657 | D:2      | Reached skill level 1 in Evocations
   807 | D:2      | Noticed Sigmund
   840 | D:2      | Killed Sigmund
   840 | D:2      | Reached XP level 4. HP: 25/40 MP: 6/6
   876 | D:2      | Reached XP level 5. HP: 28/46 MP: 8/8
   994 | D:2      | Noticed Jessica
  1018 | D:2      | Killed Jessica
  1018 | D:2      | Reached skill level 5 in Axes
  1288 | D:3      | Noticed an ogre
  2495 | D:3      | Reached skill level 5 in Evocations
  2629 | D:3      | Reached XP level 6. HP: 35/55 MP: 10/10
  2813 | D:4      | Found Traebaec's Armour Shop.
  3006 | D:4      | Noticed Pikel
  3051 | D:4      | Killed Pikel
  3051 | D:4      | Reached skill level 7 in Axes
  3051 | D:4      | Reached XP level 7. HP: 17/61 MP: 11/15
  3429 | D:4      | Reached skill level 1 in Maces & Flails
  3575 | D:4      | Noticed Crazy Yiuf
  3598 | D:4      | Killed Crazy Yiuf
  3716 | D:5      | Entered Level 5 of the Dungeon
  3717 | D:5      | Noticed Prince Ribbit
  3738 | D:5      | Reached skill level 8 in Evocations
  3977 | D:5      | Slain by a goliath beetle

Action                   |  1- 3 |  4- 6 |  7- 9 || total
-------------------------+-------+-------+-------++-------
Melee: Hand axe          |   136 |   261 |       ||   397
       Whip              |       |       |   133 ||   133
 Fire: Blowgun           |       |       |     1 ||     1
Throw: Dart              |       |       |     8 ||     8
 Abil: Device Recharging |       |     1 |     1 ||     2
Evoke: Wand              |     2 |     5 |     6 ||    13
  Use: Scroll            |       |     6 |       ||     6
